 Dungeon Crawl Stone Soup version 0.20-a0-350-ga83eecc (webtiles) character file.

55450 ThermosAquaticus the Carver (level 15, -8/110 HPs)
             Began as a Formicid Fighter on Dec 22, 2016.
             Was a High Priest of Lugonu.
             Mangled by an eight-headed hydra (10 damage)
             ... on level 13 of the Dungeon on Dec 23, 2016.
             The game lasted 01:22:50 (25488 turns).

ThermosAquaticus the Carver (Formicid Fighter)     Turns: 25488, Time: 01:22:51

Health: -8/110     AC: 13    Str: 20    XL:     15   Next: 18%
Magic:  1/21       EV: 17    Int: 15    God:    Lugonu [*****.]
Gold:   391        SH: 12    Dex: 16    Spells: 14/14 levels left

rFire  . . .     SeeInvis +     R - +1 double sword (vamp)
rCold  + . .     Gourm    +     k - +0 acid dragon scales
rNeg   . . .     Faith    .     c - +0 shield
rPois  +         Spirit   .     (helmet unavailable)
rElec  .         Reflect  .     n - +1 cloak of the Sunfish {rC+ Str-2 Int+6 Dex+2}
rCorr  +         Harm     .     D - +0 pair of gloves
MR     ++...                    Y - +0 pair of boots {Stlth+}
Stlth  ++........               C - amulet of the gourmand
                                H - ring of poison resistance
                                g - ring of protection from magic

@: barbed spikes
A: permanent stasis, dig shafts and tunnels, four strong arms, antennae 3
a: Dig, Shaft Self, Depart the Abyss, Bend Space, Banish, Corrupt, Enter the
Abyss, Renounce Religion


You were on level 13 of the Dungeon.
You worshipped Lugonu.
Lugonu was extremely pleased with you.
You were very full.

You visited 2 branches of the dungeon, and saw 19 of its levels.

You collected 952 gold pieces.
You spent 561 gold pieces at shops.

Inventory:

Hand Weapons
 i - a +0 arbalest
 j - a +2 lajatang of speed
 M - a +0 blowgun
 R - a +1 vampiric double sword (weapon)
Missiles
 t - 148 bolts
 v - 10 curare-tipped needles
Armour
 c - a +0 shield (worn)
 k - +0 acid dragon scales (worn)
 n - the +1 cloak of the Sunfish (worn) {rC+ Str-2 Int+6 Dex+2}
   (You found it on level 6 of the Lair of Beasts)

   It affects your strength (-2).
   It affects your intelligence (+6).
   It affects your dexterity (+2).
   It protects you from cold.
 D - a +0 pair of gloves (worn)
 E - a +0 plate armour
 Y - a +0 pair of boots of stealth (worn)
Rods
 P - a +2 lightning rod (11/11)
   (You found it on level 12 of the Dungeon)
Jewellery
 g - a ring of protection from magic (left hand)
 r - an uncursed ring of positive energy
 y - an uncursed amulet of harm
 C - an amulet of the gourmand (around neck)
 G - an uncursed ring of flight
 H - a ring of poison resistance (right hand)
 K - an uncursed ring of protection from cold
Wands
 m - a wand of iceblast (2/15)
 x - a wand of flame (6/48)
 L - a wand of disintegration (8/24)
 S - a wand of digging (14/24)
 V - a wand of iceblast (3/15)
 X - a wand of paralysis (13/24)
Scrolls
 d - a scroll of recharging
 e - 5 scrolls of fear
 l - 6 scrolls of magic mapping
 o - 3 scrolls of enchant weapon
 B - a scroll of fog
 I - 3 scrolls of remove curse
 Q - 4 scrolls of identify
 Z - 2 scrolls of holy word
Potions
 a - 2 potions of cure mutation
 h - 3 potions of resistance
 u - a potion of mutation
 z - 4 potions of flight
 A - 2 potions of invisibility
 J - 2 potions of cancellation
 N - 4 potions of brilliance
 O - a potion of agility
 T - a potion of magic
 U - a potion of ambrosia
 W - a potion of curing
Comestibles
 b - 5 beef jerkies
 f - 10 bread rations
 q - 35 fruits
 s - 4 meat rations
 w - 7 chunks of flesh


   Skills:
 - Level 8.1 Fighting
 - Level 14.0 Long Blades
 * Level 6.2 Staves
 - Level 11.6 Crossbows
 - Level 8.0 Armour
 - Level 8.2 Dodging
 + Level 10.6 Shields
 - Level 8.2 Invocations


You had 14 spell levels left.
You didn't know any spells.

Dungeon Overview and Level Annotations

Branches:
Dungeon (12/15)            Temple (0/1) D:6            Lair (6/6) D:10
  Swamp (0/4) Lair:4       Spider (0/4) Lair:3        Slime (0/5) Lair:6
    Orc: D:9-12

Altars:
Ashenzari
Elyvilon
Fedhas
Gozag
Kikubaaqudgha
Makhleb
Qazlal
Trog
Xom
Yredelemnul
Lugonu

Shops:
D:5 (   D:8 ?(![%   D:9 *   D:10 }   D:12 [

Annotations:
D:6 Soeti's ghost, novice GrFi
Lair:2 exclusion: ice statue


Innate Abilities, Weirdness & Mutations

You cannot be hasted, slowed, berserked, paralysed or teleported.
You can dig through walls and to a lower floor.
Your four strong arms can wield two-handed weapons with a shield.
You have a pair of large antennae on your head. (SInv)


Message History

You feel somewhat less full.
You block the eight-headed hydra's attack.
The eight-headed hydra misses you.
The eight-headed hydra bites you but does no damage.
The eight-headed hydra completely misses you.
You block the eight-headed hydra's attack.
The eight-headed hydra barely misses you.
The eight-headed hydra bites you but does no damage. x2
A scorpion comes into view.
Press: ? - help, Shift-Dir - straight line, f/p - eight-headed hydra
Aim: an eight-headed hydra (chance to defeat MR: 56%)
The eight-headed hydra resists with significant effort.
You feel somewhat less full.
You block the eight-headed hydra's attack.
The eight-headed hydra completely misses you.
The eight-headed hydra bites you!
* * * LOW HITPOINT WARNING * * *
You block the eight-headed hydra's attack. x2
The eight-headed hydra bites you!
You die...

{ { ##########
.........#
.........#
.........#
.......@.#
......D....:...
...............
.......Y.......
...............
...............
$s.............
...............


You could see an eight-headed hydra, an ice beast and a scorpion (wandering).

Vanquished Creatures
  Gastronok (D:11)
  Snorg (D:11)
  Harold (D:12)
  5 two-headed ogres
  An unseen horror (D:11)
  Pikel (D:6)
  3 manticores (D:12)
  2 ugly things
  A cyclops (D:12)
  Maurice (D:11)
  5 elephants (Lair:4)
  5 black mambas
  A kobold demonologist (D:12)
  26 spiny frogs
  3 rime drakes
  4 komodo dragons
  2 jumping spiders (Lair:3)
  3 tyrant leeches (Lair:6)
  Grinder (D:4)
  2 polar bears
  3 slime creatures (Lair:6)
  12 dream sheep
  14 blink frogs
  7 hippogriffs
  A redback (Lair:3)
  Sigmund (D:4)
  4 wyverns
  26 yaks
  Eustachio (D:5)
  3 hungry ghosts
  A basilisk (Lair:1)
  Edmund (D:4)
  10 vampire mosquitoes
  An acid dragon (D:8)
  11 water moccasins
  10 porcupines
  3 black bears
  9 orc warriors
  Duvessa (D:4)
  2 sky beasts
  22 ice beasts
  An eye of draining (D:11)
  6 ogres
  A phantom (D:9)
  A necrophage (D:8)
  7 wolves
  13 centaurs
  7 crocodiles
  2 big kobolds (D:8)
  22 bullfrogs
  Dowan (D:4)
  5 scorpions
  3 wyvern skeletons
  17 killer bees
  10 electric eels
  8 howler monkeys
  4 crimson imps
  5 bullfrog zombies
  A quasit (D:9)
  A centaur zombie (D:9)
  4 centaur skeletons
  5 hounds
  3 jellies
  10 orc priests
  8 orc wizards
  3 bullfrog skeletons
  2 iguanas
  11 worker ants
  Terence (D:2)
  2 hound zombies
  A hound skeleton (D:5)
  Robin (D:3)
  2 worker ant zombies
  3 gnolls (D:5)
  13 adders
  2 shadow imps
  3 white imps (Lair:2)
  An ooze (D:2)
  3 adder zombies
  An adder skeleton (D:9)
  3 worms
  5 dart slugs
  3 leopard geckos
  42 orcs
  A ball python (D:1)
  4 giant cockroaches
  12 hobgoblins
  6 jackals
  16 kobolds
  2 quokkas
  11 bats
  10 frilled lizards
  17 goblins
  A leopard gecko skeleton (D:5)
  10 rats
549 creatures vanquished.

Vanquished Creatures (others)
  The ghost of 100P the Basher, a journeyman DsGl of Makhleb (Lair:5)
  The ghost of stickyfingers the Basher, a journeyman TeAK of Lugonu (Lair:4)
  An ice dragon (D:9)
  2 hydras
  A spiny frog (Lair:1)
  A rime drake (D:9)
  A polar bear (Lair:2)
  5 dream sheep (Lair:4)
  3 slaves (D:6)
  A necrophage (D:6)
  2 orc wizards (D:6)
  3 orcs
  10 fungi
  26 plants
58 creatures vanquished.

Grand Total: 607 creatures vanquished

Notes
Turn   | Place    | Note
-------+----------+-------------------------------------------
     0 | D:1      | ThermosAquaticus the Formicid Fighter began the quest for the Orb.
     0 | D:1      | Reached XP level 1. HP: 18/18 MP: 1/1
   223 | D:1      | Reached XP level 2. HP: 23/24 MP: 2/2
   229 | D:1      | Found a shattered altar of Ashenzari.
   476 | D:1      | You fall through a shaft!
   539 | D:2      | Reached XP level 3. HP: 29/29 MP: 3/3
   610 | D:2      | Reached skill level 3 in Long Blades
  1036 | D:2      | Noticed Terence
  1052 | D:2      | Killed Terence
  1052 | D:2      | Reached skill level 4 in Long Blades
  1052 | D:2      | Reached XP level 4. HP: 17/35 MP: 4/4
  1766 | D:3      | Noticed Robin
  1782 | D:2      | Reached XP level 5. HP: 24/41 MP: 5/5
  1974 | D:3      | Reached skill level 5 in Long Blades
  2419 | D:3      | Killed Robin
  2419 | D:3      | Reached XP level 6. HP: 32/47 MP: 6/6
  2608 | D:3      | Reached skill level 6 in Long Blades
  2876 | D:3      | Found a faded altar of an unknown god.
  2888 | D:3      | Became a worshipper of Lugonu the Unformed
  2888 | D:3      | Reached * piety under Lugonu
  2888 | D:3      | Reached ** piety under Lugonu
  3184 | D:4      | Noticed Grinder
  3193 | D:4      | Killed Grinder
  3193 | D:4      | Reached skill level 7 in Long Blades
  3193 | D:4      | Reached XP level 7. HP: 36/52 MP: 7/7
  3480 | D:4      | Reached skill level 5 in Shields
  3480 | D:4      | Reached XP level 8. HP: 27/58 MP: 8/8
  3701 | D:4      | Noticed Sigmund
  3726 | D:4      | Killed Sigmund
  3726 | D:4      | Reached skill level 8 in Long Blades
  3740 | D:4      | Noticed Edmund
  3765 | D:4      | Killed Edmund
  4143 | D:4      | Noticed Duvessa
  4166 | D:4      | Noticed Dowan
  4168 | D:4      | Killed Duvessa
  4189 | D:4      | Killed Dowan
  4550 | D:5      | Entered Level 5 of the Dungeon
  4652 | D:5      | Found Zovveu's Antique Weapon Shop.
  4810 | D:5      | Reached skill level 9 in Long Blades
  4922 | D:5      | Reached XP level 9. HP: 56/64 MP: 9/9
  4992 | D:5      | Noticed a moth of wrath
  4995 | D:5      | Found a bloodstained altar of Trog.
  5069 | D:5      | Noticed Eustachio
  5108 | D:5      | Killed Eustachio
  5108 | D:5      | Reached *** piety under Lugonu
  5117 | D:5      | Found a blossoming altar of Fedhas.
  5326 | D:5      | Found an ancient bone altar of Kikubaaqudgha.
  5327 | D:5      | Found an opulent altar of Gozag.
  5452 | D:6      | Noticed Pikel
  5498 | D:6      | Killed Pikel
  5498 | D:6      | Reached skill level 10 in Long Blades
  5790 | D:6      | Reached skill level 1 in Crossbows
  5901 | D:6      | Noticed Soeti's ghost (novice GrFi)
  6155 | D:6      | Found a staircase to the Ecumenical Temple.
  6527 | D:6      | Reached XP level 10. HP: 52/73 MP: 10/10
  6635 | D:7      | Reached skill level 5 in Fighting
  7573 | D:8      | Reached skill level 5 in Crossbows
  7690 | D:8      | Found Esesaluz's Magic Scroll Emporium.
  7698 | D:8      | Bought a scroll of remove curse for 36 gold pieces
  7858 | D:8      | Reached **** piety under Lugonu
  7963 | D:8      | Found Qytepif's Food Shop.
  7988 | D:8      | Found Buext's Distillery.
  8027 | D:8      | Found Uruluwn's Armour Boutique.
  8040 | D:8      | Noticed a two-headed ogre
  8066 | D:8      | Killed a two-headed ogre
  8066 | D:8      | Reached skill level 5 in Armour
  8502 | D:8      | Found Helinniawn's Antique Weapon Boutique.
  8560 | D:8      | Noticed a two-headed ogre
  8577 | D:8      | Killed a two-headed ogre
  8776 | D:8      | Reached skill level 5 in Invocations
  9140 | D:8      | Reached XP level 11. HP: 34/81 MP: 14/14
  9919 | D:8      | Found a white marble altar of Elyvilon.
  9979 | D:8      | Found a basalt altar of Yredelemnul.
 10136 | D:9      | Noticed an ice dragon
 10676 | D:9      | Noticed a two-headed ogre
 10767 | D:8      | Reached skill level 1 in Dodging
 11145 | D:9      | Noticed an ice dragon
 11145 | D:9      | Banished an ice dragon
 11213 | D:9      | Killed a two-headed ogre
 11941 | D:9      | Banished an ice dragon
 12727 | D:9      | Reached XP level 12. HP: 82/91 MP: 18/18
 12758 | D:9      | Found Sdajuuqosh's Superlative Supplies.
 12867 | D:9      | Reached skill level 5 in Dodging
 13410 | D:10     | Entered Level 10 of the Dungeon
 13432 | D:10     | Found Obotain's Gadget Shop.
 13640 | D:10     | Found a burning altar of Makhleb.
 13853 | D:10     | Reached ***** piety under Lugonu
 13859 | D:10     | Found a basalt altar of Yredelemnul.
 14188 | D:10     | Found a staircase to the Lair.
 14607 | D:10     | Upgraded the game from 0.20-a0-345-gbfb25ec to 0.20-a0-350-ga83eecc
 14662 | Lair:1   | Entered Level 1 of the Lair of Beasts
 15287 | Lair:1   | Reached skill level 11 in Long Blades
 15386 | Lair:1   | HP: 4/92 [poisoned by a spiny frog]
 15393 | Lair:1   | HP: 4/92 [poisoned by a spiny frog]
 15401 | Lair:1   | HP: 4/92 [poisoned by a spiny frog]
 15798 | Lair:1   | Noticed a seven-headed hydra
 16361 | Lair:2   | Reached skill level 12 in Long Blades
 16637 | Lair:2   | Reached XP level 13. HP: 75/98 MP: 19/19
 17947 | Lair:3   | Reached skill level 13 in Long Blades
 17985 | Lair:3   | Found a hole to the Spider Nest.
 18355 | Lair:3   | Noticed a six-headed hydra
 18359 | Lair:3   | Banished a six-headed hydra
 18969 | Lair:4   | Noticed stickyfingers's ghost (journeyman TeAK)
 18972 | Lair:4   | Banished stickyfingers's ghost
 19252 | Lair:4   | Got a spiked ring mail
 19253 | Lair:4   | Identified the +3 ring mail "Xukeu" {*Slow rPois Str+2 Dex+4} (You found it on level 4 of the Lair of Beasts)
 19290 | Lair:4   | Found a staircase to the Swamp.
 19930 | Lair:4   | Found a shimmering altar of Xom.
 20089 | Lair:5   | Found a labyrinth entrance.
 20560 | Lair:5   | Noticed 100P's ghost (journeyman DsGl)
 20563 | Lair:5   | Banished 100P's ghost
 20880 | Lair:5   | Noticed a five-headed hydra
 20883 | Lair:5   | Banished a five-headed hydra
 20889 | Lair:5   | Reached skill level 10 in Crossbows
 21152 | Lair:6   | Entered Level 6 of the Lair of Beasts
 21171 | Lair:5   | Reached XP level 14. HP: 105/105 MP: 20/20
 21195 | Lair:6   | Reached skill level 14 in Long Blades
 21631 | Lair:6   | Found a staircase to the Slime Pits.
 22818 | Lair:6   | Identified a scroll of acquirement
 22856 | Lair:6   | Got a faintly humming cloak
 22857 | Lair:6   | Identified the +1 cloak of the Sunfish {rC+ Str-2 Int+6 Dex+2} (You found it on level 6 of the Lair of Beasts)
 23375 | D:5      | Bought a glowing lajatang for 525 gold pieces
 23569 | D:11     | Noticed Snorg
 23584 | D:11     | Killed Snorg
 23584 | D:11     | Reached skill level 1 in Staves
 23610 | D:11     | Noticed Maurice
 23620 | D:11     | Killed Maurice
 23761 | D:11     | Noticed Gastronok
 23783 | D:11     | Killed Gastronok
 24001 | D:11     | Reached skill level 10 in Shields
 24517 | D:12     | Found Ure Peth's Armour Emporium.
 24864 | D:12     | Reached XP level 15. HP: 109/110 MP: 21/21
 24877 | D:12     | Found a stormy altar of Qazlal.
 24932 | D:12     | Reached skill level 5 in Staves
 25377 | D:12     | Noticed Harold
 25388 | D:12     | Killed Harold
 25483 | D:12     | You fall through a shaft!
 25488 | D:13     | HP: 2/110 [eight-headed hydra (12)]
 25488 | D:13     | Mangled by an eight-headed hydra

Vault maps used:
D:1:      dpeg_arrival_concentric_ovals, nicolae_ashenzari_panopticon
D:2:      uniq_terence
D:3:      chequers_ecumenical_altar_simple, uniq_robin
D:4:      first_bread, dk_noncrumbling_4, uniq_duvessa, uniq_grinder,
          uniq_sigmund, uniq_edmund
D:5:      cheibrodos_helix_gallery, tgw_trog, gammafunk_temple_overflow_statue,
          serial_shops, shop_statue, minivault_24, fedhas_altar_fruit_tree,
          uniq_eustachio
D:6:      uniq_pikel, uniq_crazy_yiuf_cottage
D:8:      kennysheep_ying_yang, serial_shops, shop, nicolae_shop_crystal, shop,
          nicolae_shop_overgrown_old_shop, nicolae_shop_waterfront,
          blue_anna_alchemist
D:9:      nicolae_alphabet_shops, minmay_guarded_unrand_chilly_death
D:10:     grunt_lair_entry_orc_guard_hut, basic_altar, serial_shops,
          kennysheep_little_box, yredelemnul_altar_generic
D:11:     corexii_checkpoint_b, nrook_pool_corridor, dk_noncrumbling_3,
          uniq_gastronok, uniq_snorg, uniq_maurice
D:12:     erik_orc_2, basic_altar, serial_shops, shop, uniq_harold
D:13:     doesnt_quadruple_sword, serial_shops, nicolae_shop_trees,
          nicolae_ru_path_of_blood
Lair:1:   nicolae_quartered_pool_little
Lair:2:   ice2_lemuel
Lair:3:   spider_nest_entry_a, beast_lair_carwin_11, lemuel_fruit_fields
Lair:4:   minmay_swamp_entry_eels, kb_xom_exploding_sheep
Lair:5:   lab_entry_generic
Lair:6:   minmay_lair_end_frog_pond, minmay_slime_entry_pillars

Skill      XL: |  1  2  3  4  5  6  7  8  9 10 11 12 13 14 15 |
---------------+----------------------------------------------+-----
Shields        | 4 5 7 9 10 | 10.6
Long Blades    | 4 5 7 9 10 12 13 14 | 14.0
Crossbows      | 3 5 6 10 11 | 11.6
Fighting       | 4 6 7 8 |  8.1
Armour         | 6 8 |  8.0
Invocations    | 5 8 |  8.2
Dodging        | 4 5 8 |  8.2
Staves         | 4 6 |  6.2

Action                   |  1- 3 |  4- 6 |  7- 9 | 10-12 | 13-15 || total
-------------------------+-------+-------+-------+-------+-------++-------
Melee: Long sword        |    94 |   208 |   400 |   496 |       ||  1198
       Scimitar          |       |       |       |   421 |       ||   421
       Double sword      |       |       |       |   295 |  1098 ||  1393
Invok: Bend Space        |       |       |     1 |       |       ||     1
       Banish            |       |       |       |     7 |    16 ||    23
 Abil: Shaft Self        |       |       |       |       |     1 ||     1
Evoke: Wand              |       |       |    14 |    10 |    12 ||    36
  Use: Scroll            |       |     6 |       |    16 |    14 ||    36
       Potion            |       |     1 |     2 |     7 |     5 ||    15
 Stab: Sleeping          |       |       |       |     2 |     5 ||     7
       Distracted        |       |       |       |     2 |       ||     2
  Eat: Chunk             |     1 |     7 |     9 |    42 |    47 ||   106
       Royal jelly       |       |       |     1 |     1 |       ||     2
       Beef jerky        |       |       |       |     1 |       ||     1
       Pizza             |       |       |       |     2 |       ||     2
       Meat ration       |       |       |       |     1 |       ||     1
Armor: Scale mail        |    34 |    88 |   122 |       |       ||   244
       Plate armour      |       |       |     2 |   103 |       ||   105
       Acid dragon scale |       |       |       |   146 |   177 ||   323
       Skin              |       |       |       |    22 |       ||    22
Dodge: Dodged            |    36 |    54 |   115 |   330 |   473 ||  1008
Block: Shield            |    30 |    94 |   196 |   603 |   548 ||  1471
       Rpst.: Long sword |    17 |    14 |    38 |    26 |       ||    95
       Scimitar          |       |       |       |    21 |       ||    21
       Double sword      |       |       |       |    35 |   121 ||   156
